 Dungeon Crawl Stone Soup version 0.29-a0-90-gc37658a0fe (webtiles) character file.

Game seed: 72940240896253325

13151 enile the Arsonist (level 11, -2/68 HPs)
             Began as a Deep Elf Fire Elementalist on Feb 6, 2022.
             Was a High Priest of Lugonu.
             Slain by a black mamba (12 damage)
             ... on level 2 of the Lair of Beasts.
             The game lasted 00:42:37 (19054 turns).

enile the Arsonist (Deep Elf Fire Elementalist)    Turns: 19054, Time: 00:42:38

Health: -2/68      AC:  9    Str:  5    XL:     11   Next: 71%
Magic:  23/31      EV: 12    Int: 25    God:    Lugonu [*****.]
Gold:   470        SH:  5    Dex: 13    Spells: 7/22 levels left

rFire   + + +      SeeInvis +   D - +2 falchion (elec)
rCold   . . .      Faith    .   H - +1 buckler
rNeg    + . .      Spirit   .   l - +0 leather armour of Hubris {rElec rF+++ MP+9}
rPois   .          Reflect  .   (no helmet)
rElec   +          Harm     .   K - +1 cloak
rCorr   .          Rampage  .   F - +2 pair of gloves
Will    +....                   p - +0 pair of boots
Stlth   +++.......              (no amulet)
HPRegen 0.21/turn               u - ring of positive energy
MPRegen 0.22/turn               k - ring of see invisible

@: no status effects
A: clumsy 1
a: Renounce Religion, Depart the Abyss, Bend Space, Banish, Corrupt, Enter the
Abyss


You were on level 2 of the Lair of Beasts.
You worshipped Lugonu.
Lugonu was extremely pleased with you.
You visited 2 branches of the dungeon, and saw 14 of its levels.

You collected 767 gold pieces.
You spent 297 gold pieces at shops.

Inventory:

Hand Weapons
 b - a +0 short sword
 d - a +0 short sword of speed
 m - a +1 vorpal scimitar
 r - a +0 broad axe
 D - a +2 falchion of electrocution (weapon)
 G - a +3 vorpal war axe
 J - a +3 spear of venom
 L - a +2 short sword of freezing
Missiles
 f - 83 poisoned darts
Armour
 a - a +0 robe
 c - a +0 helmet
 l - the +0 leather armour of Hubris (worn) {rElec rF+++ MP+9}
   (You bought it in a shop on level 3 of the Dungeon)

   rF:        It renders you almost immune to fire.
   rElec:     It insulates you from electricity.
   MP:        It affects your magic capacity (+9).
 n - +0 steam dragon scales
 p - a +0 pair of boots (worn)
 s - a +1 pair of gloves
 z - a +3 leather armour of fire resistance
 B - a +2 pair of boots
 F - a +2 pair of gloves (worn)
 H - a +1 buckler (worn)
 I - a +2 robe of the Archmagi
 K - a +1 cloak (worn)
Jewellery
 k - a ring of see invisible (right hand)
 q - a +6 ring of strength
 u - a ring of positive energy (left hand)
 v - a ring of resist corrosion
Wands
 w - a wand of flame (44) (quivered)
 x - a wand of polymorph (12)
Scrolls
 e - 3 scrolls of amnesia
 j - 3 scrolls of magic mapping
 t - a scroll of brand weapon
 y - 2 scrolls of vulnerability
 A - 3 scrolls of identify
 C - 2 scrolls of immolation
Potions
 g - a potion of might
 h - 2 potions of degeneration
 o - 2 potions of brilliance
 E - a potion of berserk rage
Miscellaneous
 i - a phantom mirror (inert)


   Skills:
 + Level 7.9 Fighting
 - Level 1.0 Short Blades
 - Level 2.0 Armour
 - Level 6.0 Dodging
 - Level 7.0 Stealth
 - Level 3.0 Shields
 - Level 6.0 Spellcasting
 - Level 5.0 Conjurations
 - Level 2.0 Translocations
 - Level 10.8 Fire Magic
 - Level 6.1 Invocations
 - Level 7.0 Evocations


You had 7 spell levels left.
You knew the following spells:

 Your Spells              Type           Power      Damage    Failure   Level
a - Foxfire               Conj/Fire      100%       2x1d9     1%          1
b - Scorch                Fire           100%       2d10      1%          2
c - Conjure Flame         Conj/Fire      47%        6-21      1%          3
d - Inner Flame           Hex/Fire       34%        N/A       4%          3
e - Flame Wave            Conj/Fire      47%        2d10      6%          4
f - Blink                 Tloc           34%        N/A       11%         2

Your spell library contained the following spells:

 Spells                   Type           Power      Damage    Failure   Level
 Apportation              Tloc           34%        N/A       7%          1
 Freeze                   Ice            28%        1d5       16%         1
 Pain                     Necr           28%        1d5       16%         1
 Sting                    Tmut/Pois      28%        1d4       16%         1
 Lesser Beckoning         Tloc           17%        N/A       21%         3
 Poisonous Vapours        Pois/Air       14%        N/A       24%         2
 Portal Projectile        Hex/Tloc       24%        N/A       30%         3
 Frozen Ramparts          Ice            14%        1d3       43%         3
 Hailstorm                Conj/Ice       20%        3d6       50%         4
 Olgreb's Toxic Radiance  Pois           7%         N/A       83%         4
 Manifold Assault         Tloc           17%        N/A       88%         5
 Agony                    Necr           7%         N/A       99%         5
 Alistair's Intoxication  Tmut/Pois      4%         N/A       99%         5
 Blade Hands              Tmut           3%         N/A       99%         5
 Excruciating Wounds      Necr           3%         N/A       99%         5


Dungeon Overview and Level Annotations

Branches:
Dungeon (11/15)            Temple (0/1) D:4            Lair (3/6) D:9
  Swamp (0/4) Lair:2
  Snake: Lair:2-4    Spider: Lair:2-4       Orc: D:9-12

Altars:
Okawaru
Lugonu

Shops:
D:3 *   D:10 (

Annotations:
Abyss:1 Harold


Innate Abilities, Weirdness & Mutations

You are clumsy. (Dex -2)


Message History

You feel very sick.
The black mamba is no longer more vulnerable to fire.
Casting: Inner Flame (dangerous; 4% risk of failure)
Confirm with . or Enter, or press ? or * to list all spells.
Flames lash the black mamba.
The black mamba is severely wounded.
The black mamba's fire resistance burns away.
You feel sick.
The cane toad stings you but does no damage.
You feel stable enough to blink again.
You feel sick. The black mamba bites you.
You are more poisoned.
The black mamba poisons you! The cane toad stings you!!
The black mamba bites you.
* * * LOW HITPOINT WARNING * * *
You are more poisoned.
The black mamba poisons you! Space bends around you!
You blink.
* * * LOW HITPOINT WARNING * * *
You feel extremely sick.
You feel better.
Aiming: Throw Flame
Press: ? - help, Q - select action, (/) - cycle Shift-Dir - straight line, f/p - cane toad
Aim: a cane toad (inner flame, 77% to hit)
The puff of flame misses the black mamba.
The puff of flame hits the cane toad.
Flame seeps out of the cane toad.
The cane toad is lightly wounded.
The black mamba bites you.
* * * LOW HITPOINT WARNING * * *
The cane toad is engulfed in blazing flames.
Flame seeps out of the cane toad.
The black mamba barely misses you.
Aiming: Throw Flame
Press: ? - help, Q - select action, (/) - cycle Shift-Dir - straight line, f - black mamba, p - cane toad
Aim: a black mamba (severely wounded, more vulnerable to fire, 57% to hit)
The puff of flame hits the black mamba!
The black mamba is burned terribly!
The black mamba is severely wounded.
The black mamba is no longer more vulnerable to fire.
You block the black mamba's attack. The black mamba bites you!
You die...

.....♣≈≈≈♣§.##...................
.#..≈≈≈§≈≈§##....................
###.≈≈≈§§≈§≈#...#.###+####.#÷....
#..§§§>§≈≈♣##.+...........#.....
##.≈§§≈≈§♣................#...##
##.≈♣§§§♣♣....#........##.....P#
##..♣♣§§≈♣.....................##
......≈≈≈......................P#
##.#...♣..##....@..............##
###....♣####..FS..............P#
##....# ##..................##
#.....# ##P...○..>...........#.
#.....# #......P#######.#......
####....#####.....# ##.......
........#.##....<## ##....#.
..................# ###....#.
...##P.###........# #P.....#.


You could see a black mamba and a cane toad (inner flame).

Vanquished Creatures
  2 hydras
  Joseph (D:9)
  A cane toad (Lair:1)
  2 komodo dragons
  2 kobold demonologists
  A troll (D:9)
  2 shadows (D:10)
  A fire bat (D:9)
  21 yaks
  3 steam dragons
  3 water moccasins
  2 acid dragons
  2 orc warriors (D:7)
  A necrophage (D:6)
  A hornet zombie (D:5)
  2 sky beasts
  2 black bears
  3 ogres
  4 centaurs
  16 kobold brigands
  A phantom (D:5)
  3 gnoll sergeants
  2 scorpions (D:6)
  7 bullfrogs
  5 killer bees (D:9)
  A howler monkey (D:9)
  2 electric eels
  4 centaur zombies
  A centaur skeleton (D:7)
  2 orc priests
  4 hounds
  Jessica (D:2)
  7 iguanas
  8 orc wizards
  A howler monkey zombie (D:10)
  19 gnolls
  7 adders
  2 shadow imps
  A white imp (D:6)
  An adder skeleton (D:4)
  A dart slug (D:2)
  20 orcs
  4 ball pythons
  13 endoplasms
  4 giant cockroaches
  4 hobgoblins
  9 jackals (D:2)
  14 kobolds
  6 quokkas
  3 bats
  5 frilled lizards
  5 goblins
  6 rats
245 creatures vanquished.

Vanquished Creatures (collateral kills)
  A water moccasin (D:7)
  A kobold brigand (D:8)
  A howler monkey (D:9)
  4 foxfires (D:6)
7 creatures vanquished.

Vanquished Creatures (others)
  A killer bee (D:9)
  513 foxfires
  27 fungi
  3 plants (Lair:2)
  6 toadstools (D:9)
550 creatures vanquished.

Grand Total: 802 creatures vanquished

Notes
Turn   | Place    | Note
-------+----------+-------------------------------------------
     0 | D:1      | enile the Deep Elf Fire Elementalist began the quest for
                  | the Orb.
     0 | D:1      | Reached XP level 1. HP: 10/10 MP: 6/6
   147 | D:1      | Found a faded altar of an unknown god.
   201 | D:1      | Prayed at the altar of an unknown god.
   201 | D:1      | Became a worshipper of Lugonu the Unformed
   201 | D:1      | Reached * piety under Lugonu
   201 | D:1      | Reached ** piety under Lugonu
   307 | D:1      | Reached skill level 1 in Fighting
   332 | D:1      | Reached XP level 2. HP: 16/16 MP: 5/8
   999 | D:1      | Learned a level 2 spell: Scorch
  1042 | D:2      | Reached XP level 3. HP: 20/20 MP: 5/10
  1350 | D:2      | Reached *** piety under Lugonu
  1392 | D:2      | Reached skill level 4 in Fire Magic
  2177 | D:3      | Reached XP level 4. HP: 25/25 MP: 9/12
  2313 | D:3      | Found Zokaar's Assorted Antiques.
  2645 | D:3      | Bought a brightly glowing leather armour for 126 gold
                  | pieces
  2645 | D:3      | Identified the +0 leather armour of Hubris {rElec rF+++
                  | MP+9} (You bought it in a shop on level 3 of the Dungeon)
  3108 | D:4      | Reached XP level 5. HP: 22/30 MP: 13/13
  3225 | D:4      | Found a staircase to the Ecumenical Temple.
  3274 | D:4      | Reached skill level 5 in Fire Magic
  3278 | D:4      | Learned a level 3 spell: Conjure Flame
  3769 | D:5      | Entered Level 5 of the Dungeon
  3967 | D:2      | Noticed Jessica
  3971 | D:2      | Killed Jessica
  4012 | D:2      | Reached skill level 1 in Invocations
  4163 | D:2      | Reached XP level 6. HP: 35/35 MP: 14/14
  4542 | D:2      | Reached **** piety under Lugonu
  5334 | D:5      | Reached skill level 6 in Fire Magic
  5427 | D:5      | Reached XP level 7. HP: 38/41 MP: 15/15
  5584 | D:5      | Reached skill level 7 in Fire Magic
  6082 | D:6      | Reached XP level 8. HP: 46/46 MP: 12/16
  6226 | D:5      | Reached skill level 8 in Fire Magic
  6431 | D:6      | Found an iron altar of Okawaru.
  6858 | D:6      | Reached skill level 9 in Fire Magic
  6885 | D:6      | Reached skill level 5 in Dodging
  7102 | D:6      | Reached skill level 5 in Spellcasting
  7270 | D:6      | Reached skill level 1 in Armour
  7270 | D:6      | Reached skill level 1 in Short Blades
  7277 | D:6      | Reached XP level 9. HP: 27/52 MP: 16/18
  8123 | D:7      | Reached skill level 10 in Fire Magic
  8149 | D:7      | Reached ***** piety under Lugonu
  8720 | D:3      | Bought a pair of runed gloves for 135 gold pieces
  8720 | D:3      | Bought a scroll of identify for 36 gold pieces
 10153 | D:8      | Reached skill level 5 in Fighting
 10692 | D:8      | Reached skill level 1 in Shields
 10759 | D:8      | Noticed a kobold demonologist
 10768 | D:8      | Noticed an orange demon
 10770 | D:8      | Killed a kobold demonologist
 10788 | D:8      | Reached skill level 5 in Stealth
 11136 | D:8      | Reached XP level 10. HP: 60/60 MP: 21/21
 11356 | D:7      | Learned a level 3 spell: Inner Flame
 11361 | D:7      | Learned a level 4 spell: Flame Wave
 12222 | D:9      | Noticed a rust devil
 12231 | D:9      | Noticed a sixfirhy
 12542 | D:9      | Learned a level 2 spell: Blink
 12625 | D:9      | Reached skill level 1 in Evocations
 13502 | D:9      | Found a staircase to the Lair.
 13529 | D:9      | Noticed Joseph
 13537 | D:9      | Gained mutation: You are clumsy. (Dex -2) [potion of
                  | mutation]
 13553 | D:9      | Noticed Maggie
 13611 | D:10     | Entered Level 10 of the Dungeon
 14306 | D:10     | Found Guixu's Antique Weapon Emporium.
 14654 | D:10     | Reached skill level 5 in Invocations
 15038 | D:10     | Noticed Maggie
 15038 | D:10     | Maggie changed into Maggie the quokka
 15041 | D:10     | Killed Maggie the quokka
 15285 | D:9      | Killed Joseph
 15366 | D:9      | Reached XP level 11. HP: 18/67 MP: 11/22
 16223 | Lair:1   | Entered Level 1 of the Lair of Beasts
 16592 | Lair:1   | Reached skill level 5 in Evocations
 16783 | Lair:1   | Noticed a four-headed hydra
 16808 | Lair:1   | Killed a four-headed hydra
 16846 | Lair:1   | Noticed Harold
 16864 | Lair:1   | Banished Harold
 17993 | Lair:2   | Noticed a five-headed hydra
 18012 | Lair:2   | Reached skill level 1 in Translocations
 18027 | Lair:2   | Killed a five-headed hydra
 18414 | Lair:2   | Reached skill level 5 in Conjurations
 18697 | Lair:2   | Found a staircase to the Swamp.
 19054 | Lair:2   | Slain by a black mamba

Illustrated notes

Levels and vault maps discovered:
D:1:      dpeg_arrival_three_same_balls, layout_rooms, basic_ecumenical_altar
D:2:      layout_basic, minmay_indecisive_spiral, uniq_jessica
D:3:      layout_loops_corners, serial_shops, nicolae_square_shop
D:4:      layout_basic, temple_hall, hex_tiny, hangedman_decor_lopped,
          minmay_quadrilaterals
D:5:      layout_basic, kennysheep_big_empty_room
D:6:      kennysheep_steamy, layout_basic, mainiacjoe_overflow_paths
D:7:      layout_rooms
D:8:      layout_rooms, special_room [special_room_kobold],
          minmay_misc_feat_alley
D:9:      layout_basic, lair_entry_dummy, minmay_gold_behind_fungi, uniq_joseph,
          uniq_maggie
D:10:     layout_basic, serial_shops, nicolae_stop_n_shop_1
D:11:     layout_cave_pools, hiddenorc1_lemuel, maelrawn_ghost_gauntlet_escape,
          serial_co_window_serial, co_window_of_opportunity_a,
          co_window_corner_a, co_window_of_opportunity_a, co_window_cross_1,
          co_window_of_opportunity_a, co_window_corner_cb,
          co_window_unsneaky_path_a, co_window_corner_cb, co_window_corner_cb,
          co_window_broadway_a, co_window_corner_cb, co_window_4corner_a,
          glass_columns_b, glass_columns_a, glass_columns_b, glass_columns_b,
          glass_columns_c
Lair:1:   layout_misc_corridors, infiniplex_staircase_pool, uniq_harold
Lair:2:   layout_chaotic_city, swamp_mist_pool, minivault_24
Lair:3:   layout_roguey, dummy_snake_entry, minivault_26

Skill      XL: |  1  2  3  4  5  6  7  8  9 10 11 |
---------------+----------------------------------+-----
Fighting       | 1 2 3 4 5 7 |  7.9
Spellcasting   | 4 5 6 |  6.0
Fire Magic     | 4 5 6 7 9 10 | 10.8
Dodging        | 3 4 5 6 |  6.0
Stealth        | 3 4 6 7 |  7.0
Conjurations   | 3 4 5 |  5.0
Invocations    | 1 5 6 |  6.1
Armour         | 1 2 |  2.0
Short Blades   | 1 |  1.0
Shields        | 2 3 |  3.0
Evocations     | 4 7 |  7.0
Translocations | 2 |  2.0

Action                   |  1- 3 |  4- 6 |  7- 9 | 10-12 || total
-------------------------+-------+-------+-------+-------++-------
Melee: Short sword       |     4 |       |     9 |    28 ||    41
       Falchion          |       |       |       |     2 ||     2
Throw: Dart              |       |       |     1 |     6 ||     7
 Cast: Foxfire           |   100 |    76 |    82 |    67 ||   325
       Scorch            |    10 |    35 |   136 |   133 ||   314
       Conjure Flame     |       |       |     1 |     8 ||     9
       Flame Wave        |       |       |       |     9 ||     9
       Inner Flame       |       |       |       |     5 ||     5
       Blink             |       |       |       |     4 ||     4
Invok: Bend Space        |       |       |     3 |    13 ||    16
       Banish            |       |       |       |     3 ||     3
Evoke: Wand              |       |       |     7 |    25 ||    32
       Phantom mirror    |       |       |       |     1 ||     1
  Use: Potion            |     1 |       |     5 |    12 ||    18
       Scroll            |       |     8 |     5 |    13 ||    26
 Stab: Invisible         |       |       |     3 |       ||     3
       Sleeping          |       |       |       |     1 ||     1
Armor: Robe              |     2 |       |     3 |       ||     5
       Leather armour    |       |     6 |    44 |    69 ||   119
       Skin              |       |       |       |    23 ||    23
Dodge: Dodged            |    13 |    16 |   118 |   151 ||   298
Block: Buckler           |       |       |     5 |    70 ||    75

Table legend: (Time is in decaauts)
 A = Elapsed time spent in this place.
 B = Non-inter-level travel time spent in this place.
 C = Inter-level travel time spent in this place.
 D = Time resting spent in this place.
 E = Time spent auto-exploring this place.
 F = Levels seen in this place.
 G = Mean time per level.
                   A        B        C        D        E       F      G
               +--------+--------+--------+--------+--------+-----+--------+
         Total |  19121 |  18147 |    974 |   3109 |  11925 |  14 | 1365.8 |
       Dungeon |  16286 |  15345 |    941 |   3109 |   9429 |  11 | 1480.5 |
          Lair |   2835 |   2803 |     32 |      0 |   2496 |   3 |  945.0 |
               +--------+--------+--------+--------+--------+-----+--------+

Top non-repeatable levels by time:
     D:9: 3266 daAuts
     D:6: 2155 daAuts
     D:7: 1803 daAuts
  Lair:1: 1708 daAuts
    D:10: 1579 daAuts
     D:3: 1542 daAuts
     D:2: 1484 daAuts
     D:5: 1159 daAuts
     D:8: 1127 daAuts
     D:4: 1124 daAuts
  Lair:2: 1120 daAuts
     D:1: 1041 daAuts
  Lair:3: 5 daAuts
    D:11: 1 daAuts
